AoeStats
← PiscoCAPEL777

Pilgrims

509007775Analyzed
2v2 RM · 7d ago on Sep 25, 2026· 45m 56s· 4 players
Game mode
Random Map
Map size
Medium (4 player)
Population
200
Speed
Normal
Resources
Standard
Victory
Conquest
Starting age
Dark Age
Ending age
Imperial Age
RankedLock teamsTeams togetherTeam positionsShared explorationLock speedFull tech treeHidden civsTurbo modeCheats
Victory
Defeat
🇲🇽 Vietnamese · Mexico
1071
+10
🇺🇸 Bohemians · United States
838
+20
🇨🇱 Italians · Chile
936
-15
🇨🇱 Dravidians · Chile
929
-15
PiscoCAPEL777
11:16 Feudal Age
17:26 Fletching
22:32 Castle Age
32:25 Imperial Age
37:31 Bodkin Arrow
37:36 Padded Archer Armor
nicovc00
10:38 Loom
13:38 Feudal Age
26:22 Castle Age
26:04 Fishing Lines
27:57 Medium Warships
28:22 Gillnets
30:48 Forging
30:37 Fletching
30:48 Stone Mining
30:51 Gold Mining
30:49 Double-Bit Axe
32:41 Bow Saw
32:00 Pikeman
32:41 Squires
37:56 Iron Casting
37:58 Crossbowman
40:35 Medical Corps
40:57 Scale Mail Armor
41:07 Scale Barding Armor
42:45 Thumb Ring
43:35 Padded Archer Armor
alberttoely.vaz
4:05 Loom
13:19 Feudal Age
13:50 Double-Bit Axe
17:19 Fletching
21:41 Padded Archer Armor
24:24 Town Watch
27:07 Castle Age
27:15 Elite Skirmisher
29:08 Medium Warships
29:25 Husbandry
29:45 Bodkin Arrow
30:05 Scale Barding Armor
30:11 Forging
30:16 Leather Archer Armor
39:08 Chain Barding Armor
44:03 Ballistics
45:17 Iron Casting
aluis.gallardo
3:06 Loom
14:22 Feudal Age
19:50 Castle Age
17:58 Gold Mining
21:23 Medium Warships
23:49 Wheelbarrow
28:12 Imperial Age
26:35 Light Cavalry
27:26 Bloodlines
27:25 Scale Barding Armor
27:30 Forging
27:11 Fletching
28:35 Chain Barding Armor
30:54 Elite Skirmisher
31:40 Thumb Ring
34:17 Chemistry
34:18 Imperial Skirmisher
38:16 Ballistics
38:07 Masonry
45:59 Fletching
46:10 Padded Archer Armor
Connection lost

Rejoining the realm…

Still unreachable

The connection could not be restored.

Session expired

The server has moved on; the page needs a fresh start.